TOP OF THE 1ST |
Put-In-Bay BC batting - Pitching for Idaho Falls Chukars : RHP Javier Soto
|
Pitching: RHP Javier Soto
|
|
Batting: LHB Javier Castro
|
0-0: Called Strike 0-1: Bunted foul 0-2: Strikes out looking
|
Batting: RHB Tom Hendrickson
|
0-0: Ball 1-0: Fly out, F8 (Flyball, 8RS, EV 90.0 MPH)
|
Batting: LHB Snow Wang
|
0-0: Ball 1-0: Ball 2-0: Called Strike 2-1: Ball 3-1: Foul Ball, location: 2F 3-2: Reached on error, E3 (Groundball, 3, EV 91.2 MPH)
|
Batting: SHB Ángel García
|
0-0: Ball 1-0: Ball 2-0: Foul Ball, location: 2F 2-1: Ball 3-1: Foul Ball, location: 2F 3-2: Strikes out looking
|
Top of the 1st over - 0 runs, 0 hits, 1 error, 1 left on base; Put-In-Bay 0 - Idaho Falls 0 |
BOTTOM OF THE 1ST |
Idaho Falls Chukars batting - Pitching for Put-In-Bay BC : RHP Bailey Borrett
|
Pitching: RHP Bailey Borrett
|
|
Batting: SHB Koryusai Ohayashi
|
0-0: Foul Ball, location: 2F 0-1: Called Strike 0-2: Strikes out swinging
|
Batting: LHB Doyle Berkey
|
0-0: Ball 1-0: Foul Ball, location: 2F 1-1: Fly out, F8 (Line Drive, 8LM, EV 105.0 MPH)
|
Batting: RHB Vinnie Nuyten
|
0-0: Called Strike 0-1: SOLO HOME RUN (Flyball, 7LD, EV 86.2 MPH), Distance : 373 ft
|
Batting: RHB César Vélez
|
0-0: Ball 1-0: Ball 2-0: Ball 3-0: Base on Balls
|
Batting: RHB Richard Forrest
|
0-0: Foul Ball, location: 2F 0-1: Foul Ball, location: 2F 0-2: Fielders Choice at 2nd, 5-4 (Groundball, 56, EV 103.1 MPH)
|
Bottom of the 1st over - 1 run, 1 hit, 0 errors, 1 left on base; Put-In-Bay 0 - Idaho Falls 1 |
TOP OF THE 2ND |
Put-In-Bay BC batting - Pitching for Idaho Falls Chukars : RHP Javier Soto
|
Batting: RHB Martin Payton
|
0-0: Ball 1-0: Ball 2-0: Called Strike 2-1: Fly out, F9 (Flyball, 9S, EV 90.6 MPH)
|
Batting: LHB Blake Camden
|
0-0: Ball 1-0: Ball 2-0: Ball 3-0: Foul Ball, location: 2F 3-1: Swinging Strike 3-2: Base on Balls
|
Batting: RHB Andy Noonkester
|
0-0: Called Strike 0-1: Foul Ball, location: 2F 0-2: Strikes out looking
|
Batting: RHB Victor Haley
|
0-0: Fly out, F9 (Flyball, 9S, EV 90.0 MPH)
|
Top of the 2nd over - 0 runs, 0 hits, 0 errors, 1 left on base; Put-In-Bay 0 - Idaho Falls 1 |
BOTTOM OF THE 2ND |
Idaho Falls Chukars batting - Pitching for Put-In-Bay BC : RHP Bailey Borrett
|
Batting: RHB Kel Warren
|
0-0: Swinging Strike 0-1: Ball 1-1: Ball 2-1: Ball 3-1: Foul Ball, location: 2F 3-2: Strikes out swinging
|
Batting: SHB Oscar Henson
|
0-0: Fly out, F8 (Flyball, 89XD, EV 109.4 MPH)
|
Batting: RHB Jon Hill
|
0-0: Swinging Strike 0-1: Called Strike 0-2: Ball 1-2: Fly out, F7 (Flyball, 7D, EV 78.8 MPH)
|
Bottom of the 2nd over - 0 runs, 0 hits, 0 errors, 0 left on base; Put-In-Bay 0 - Idaho Falls 1 |
TOP OF THE 3RD |
Put-In-Bay BC batting - Pitching for Idaho Falls Chukars : RHP Javier Soto
|
Batting: RHB Kent Potter
|
0-0: Swinging Strike 0-1: Ball 1-1: Foul Ball, location: 2F 1-2: Strikes out swinging
|
Batting: LHB Javier Castro
|
0-0: Reached on error, E3 (Groundball, 3, EV 85.0 MPH)
|
Batting: RHB Tom Hendrickson
|
0-0: Foul Ball, location: 2F 0-1: Called Strike 0-2: Ball 1-2: Strikes out swinging
|
Batting: LHB Snow Wang
|
0-0: Ball 1-0: Foul Ball, location: 2F 1-1: Fly out, F9 (Flyball, 9S, EV 86.9 MPH)
|
Top of the 3rd over - 0 runs, 0 hits, 1 error, 1 left on base; Put-In-Bay 0 - Idaho Falls 1 |
BOTTOM OF THE 3RD |
Idaho Falls Chukars batting - Pitching for Put-In-Bay BC : RHP Bailey Borrett
|
Batting: RHB Javier Botín
|
0-0: Swinging Strike 0-1: Called Strike 0-2: Ball 1-2: Foul Ball, location: 2F 1-2: Ball 2-2: Strikes out looking
|
Batting: SHB Koryusai Ohayashi
|
0-0: Fly out, F7 (Flyball, 78D, EV 104.4 MPH)
|
Batting: LHB Doyle Berkey
|
0-0: Fly out, F8 (Flyball, 8LM, EV 96.9 MPH)
|
Bottom of the 3rd over - 0 runs, 0 hits, 0 errors, 0 left on base; Put-In-Bay 0 - Idaho Falls 1 |
TOP OF THE 4TH |
Put-In-Bay BC batting - Pitching for Idaho Falls Chukars : RHP Javier Soto
|
Batting: SHB Ángel García
|
0-0: Ball 1-0: Foul Ball, location: 2F 1-1: Ball 2-1: SINGLE (Line Drive, 89M, EV 90.0 MPH)
|
Batting: RHB Martin Payton
|
0-0: Called Strike 0-1: Swinging Strike 0-2: Strikes out swinging
|
Batting: LHB Blake Camden
|
0-0: Ball 1-0: Swinging Strike 1-1: Ball 2-1: Foul Ball, location: 2F 2-2: SINGLE (Groundball, 4D, EV 104.4 MPH) Ángel García to second Runner from 2nd tries for 3rd, SAFE, throw by CF made to third
|
Batting: RHB Andy Noonkester
|
0-0: Ball 1-0: Ball 2-0: Ball 3-0: Called Strike 3-1: Base on Balls Blake Camden to second
|
Batting: RHB Victor Haley
|
0-0: Called Strike 0-1: Foul Ball, location: 2F 0-2: Fly out, F9 (Flyball, 89M, EV 95.6 MPH)
|
Batting: RHB Kent Potter
|
0-0: Called Strike 0-1: Reached on error, E4 (Groundball, 4, EV 86.9 MPH) Ángel García scores Blake Camden to third Andy Noonkester to second
|
Batting: LHB Javier Castro
|
0-0: Called Strike 0-1: Foul Ball, location: 2F 0-2: Ball 1-2: Strikes out looking
|
Top of the 4th over - 1 run, 2 hits, 1 error, 3 left on base; Put-In-Bay 1 - Idaho Falls 1 |
BOTTOM OF THE 4TH |
Idaho Falls Chukars batting - Pitching for Put-In-Bay BC : RHP Bailey Borrett
|
Batting: RHB Vinnie Nuyten
|
0-0: Ball 1-0: Ball 2-0: Called Strike 2-1: Fly out, F4 (Popup, 34S, EV 80.0 MPH)
|
Batting: RHB César Vélez
|
0-0: Foul Ball, location: 2F 0-1: Foul Ball, location: 2F 0-2: Foul Ball, location: 2F 0-2: Ball 1-2: DOUBLE (Line Drive, 78M, EV 96.2 MPH)
|
Batting: RHB Richard Forrest
|
0-0: Called Strike 0-1: Ball 1-1: Ball 2-1: Fly out, F8 (Flyball, 8RD, EV 100.6 MPH)
|
Batting: RHB Kel Warren
|
0-0: Ground out 3-1 (Groundball, 34, EV 100.6 MPH)
|
Bottom of the 4th over - 0 runs, 1 hit, 0 errors, 1 left on base; Put-In-Bay 1 - Idaho Falls 1 |
TOP OF THE 5TH |
Put-In-Bay BC batting - Pitching for Idaho Falls Chukars : RHP Javier Soto
|
Batting: RHB Tom Hendrickson
|
0-0: SINGLE (Line Drive, 4D, EV 98.8 MPH)
|
Batting: LHB Snow Wang
|
0-0: Called Strike 0-1: Ball 1-1: Foul Ball, location: 2F 1-2: Ball 2-2: Hit by Pitch Tom Hendrickson to second
|
Batting: SHB Ángel García
|
0-0: Swinging Strike 0-1: Foul Ball, location: 2F 0-2: Ball 1-2: Foul Ball, location: 2F 1-2: Strikes out swinging
|
Batting: RHB Martin Payton
|
0-0: Swinging Strike 0-1: Called Strike 0-2: Strikes out swinging
|
Batting: LHB Blake Camden
|
0-0: Foul Ball, location: 2F 0-1: Ball 1-1: Foul Ball, location: 2F 1-2: Foul Ball, location: 2F 1-2: Strikes out swinging
|
Top of the 5th over - 0 runs, 1 hit, 0 errors, 2 left on base; Put-In-Bay 1 - Idaho Falls 1 |
BOTTOM OF THE 5TH |
Idaho Falls Chukars batting - Pitching for Put-In-Bay BC : RHP Bailey Borrett
|
Batting: SHB Oscar Henson
|
0-0: Ball 1-0: Bunted foul 1-1: Foul Ball, location: 2F 1-2: Foul Ball, location: 2F 1-2: Fly out, F7 (Flyball, 7LM, EV 92.5 MPH)
|
Batting: RHB Jon Hill
|
0-0: Ball 1-0: Ball 2-0: Foul Ball, location: 2F 2-1: Foul Ball, location: 2F 2-2: Fly out, F6 (Popup, 6M, EV 67.5 MPH)
|
Batting: RHB Javier Botín
|
0-0: Ball 1-0: Ball 2-0: Ball 3-0: Base on Balls
|
Batting: SHB Koryusai Ohayashi
|
0-0: Ball 1-0: Ball 2-0: DOUBLE (Line Drive, 8RXD, EV 101.9 MPH) Javier Botín to third Runner from 3rd tries for Home, SAFE, throw by CF to home
|
Batting: LHB Doyle Berkey
|
0-0: Ball 1-0: Ball 2-0: Fly out, F7 (Flyball, 7S, EV 80.6 MPH)
|
Bottom of the 5th over - 1 run, 1 hit, 0 errors, 1 left on base; Put-In-Bay 1 - Idaho Falls 2 |
TOP OF THE 6TH |
Put-In-Bay BC batting - Pitching for Idaho Falls Chukars : RHP Javier Soto
|
Batting: RHB Andy Noonkester
|
0-0: Fly out, F7 (Line Drive, 7, EV 110.0 MPH)
|
Batting: RHB Victor Haley
|
0-0: Called Strike 0-1: Swinging Strike 0-2: Fly out, F9 (Flyball, 9, EV 87.5 MPH)
|
Batting: RHB Kent Potter
|
0-0: Foul Ball, location: 2F 0-1: Swinging Strike 0-2: Ball 1-2: Ball 2-2: Ground out 4-3 (Groundball, 4, EV 84.4 MPH)
|
Top of the 6th over - 0 runs, 0 hits, 0 errors, 0 left on base; Put-In-Bay 1 - Idaho Falls 2 |
BOTTOM OF THE 6TH |
Idaho Falls Chukars batting - Pitching for Put-In-Bay BC : RHP Bailey Borrett
|
Batting: RHB Vinnie Nuyten
|
0-0: Called Strike 0-1: Swinging Strike 0-2: Foul Ball, location: 2F 0-2: Foul Ball, location: 2F 0-2: Fly out, F3 (Line Drive, 3, EV 70.0 MPH)
|
Batting: RHB César Vélez
|
0-0: Foul Ball, location: 2F 0-1: Foul Ball, location: 2F 0-2: Ball 1-2: DOUBLE (Flyball, 89D, EV 90.6 MPH)
|
Batting: RHB Richard Forrest
|
0-0: Ball 1-0: Foul Ball, location: 2F 1-1: Swinging Strike 1-2: Strikes out swinging
|
Batting: RHB Kel Warren
|
0-0: Called Strike 0-1: Ball 1-1: Called Strike 1-2: Ball 2-2: Foul Ball, location: 2F 2-2: Fly out, F5 (Popup, 5SF, EV 72.5 MPH)
|
Bottom of the 6th over - 0 runs, 1 hit, 0 errors, 1 left on base; Put-In-Bay 1 - Idaho Falls 2 |
TOP OF THE 7TH |
Put-In-Bay BC batting - Pitching for Idaho Falls Chukars : RHP Javier Soto
|
Batting: LHB Javier Castro
|
0-0: Ground out 6-3 (Groundball, 6MS, EV 83.1 MPH)
|
Batting: RHB Tom Hendrickson
|
0-0: Swinging Strike 0-1: Ball 1-1: Ball 2-1: Ground out 5-3 (Groundball, 56, EV 98.1 MPH)
|
Batting: LHB Snow Wang
|
0-0: Ball 1-0: SOLO HOME RUN (Flyball, 89XD, EV 91.9 MPH), Distance : 408 ft
|
Batting: SHB Ángel García
|
0-0: Ball 1-0: SINGLE (Flyball, 89M, EV 90.6 MPH)
|
Pitching: LHP Camillo Vialli
|
|
Batting: RHB Martin Payton
|
0-0: Foul Ball, location: 2F 0-1: Ball 1-1: Ground out 6-3 (Groundball, 6M, EV 102.5 MPH)
|
Top of the 7th over - 1 run, 2 hits, 0 errors, 1 left on base; Put-In-Bay 2 - Idaho Falls 2 |
BOTTOM OF THE 7TH |
Idaho Falls Chukars batting - Pitching for Put-In-Bay BC : RHP Bailey Borrett
|
Batting: SHB Oscar Henson
|
0-0: Ground out 4-3 (Groundball, 4, EV 93.1 MPH)
|
Batting: RHB Jon Hill
|
0-0: Ball 1-0: Foul Ball, location: 2F 1-1: Ball 2-1: Ground out 6-3 (Groundball, 6S, EV 84.4 MPH)
|
Batting: RHB Javier Botín
|
0-0: Ball 1-0: Called Strike 1-1: Foul Ball, location: 2F 1-2: Strikes out swinging
|
Bottom of the 7th over - 0 runs, 0 hits, 0 errors, 0 left on base; Put-In-Bay 2 - Idaho Falls 2 |
TOP OF THE 8TH |
Put-In-Bay BC batting - Pitching for Idaho Falls Chukars : LHP Camillo Vialli
|
Batting: LHB Blake Camden
|
0-0: Foul Ball, location: 2F 0-1: Ball 1-1: Swinging Strike 1-2: SINGLE (Groundball, 4MD, EV 96.9 MPH)
|
Batting: RHB Andy Noonkester
|
0-0: Called Strike 0-1: Ball 1-1: Ball 2-1: Foul Ball, location: 2F 2-2: Ball 3-2: Foul Ball, location: 2F 3-2: Grounds into double play, 6-4-3 (Groundball, 6, EV 99.4 MPH)
|
Batting: RHB Victor Haley
|
0-0: Called Strike 0-1: Swinging Strike 0-2: Foul Ball, location: 2F 0-2: Ball 1-2: Hit by Pitch
|
Batting: RHB Kent Potter
|
0-0: Called Strike 0-1: Swinging Strike 0-2: Foul Ball, location: 2F 0-2: Ball 1-2: SINGLE (Groundball, 34S, EV 77.5 MPH) (infield hit) Victor Haley to second
|
Batting: LHB Javier Castro
|
0-0: Ball 1-0: Fly out, F9 (Flyball, 9S, EV 89.4 MPH)
|
Top of the 8th over - 0 runs, 2 hits, 0 errors, 2 left on base; Put-In-Bay 2 - Idaho Falls 2 |
BOTTOM OF THE 8TH |
Idaho Falls Chukars batting - Pitching for Put-In-Bay BC : RHP Bailey Borrett
|
Batting: SHB Koryusai Ohayashi
|
0-0: Called Strike 0-1: Ball 1-1: Fly out, F8 (Flyball, 8LM, EV 86.2 MPH)
|
Batting: LHB Doyle Berkey
|
0-0: Ball 1-0: Called Strike 1-1: Ball 2-1: Foul Ball, location: 2F 2-2: Fly out, F8 (Line Drive, 8RD, EV 101.9 MPH)
|
Batting: RHB Vinnie Nuyten
|
0-0: Ground out 5-3 (Groundball, 56, EV 105.6 MPH)
|
Bottom of the 8th over - 0 runs, 0 hits, 0 errors, 0 left on base; Put-In-Bay 2 - Idaho Falls 2 |
TOP OF THE 9TH |
Put-In-Bay BC batting - Pitching for Idaho Falls Chukars : LHP Camillo Vialli
|
Pitching: LHP Isacco Taricco
|
|
Batting: RHB Tom Hendrickson
|
0-0: Called Strike 0-1: Ball 1-1: Ball 2-1: Swinging Strike 2-2: Ball 3-2: Foul Ball, location: 2F 3-2: Base on Balls
|
Batting: LHB Snow Wang
|
0-0: Called Strike 0-1: Swinging Strike 0-2: Foul Ball, location: 2F 0-2: Ball 1-2: SINGLE (Groundball, 3D, EV 106.9 MPH) Tom Hendrickson to second Runner from 2nd tries for 3rd, SAFE, no throw by RF
|
Batting: SHB Ángel García
|
0-0: Ball 1-0: Foul Ball, location: 2F 1-1: Ball 2-1: Foul Ball, location: 2F 2-2: Ball 3-2: DOUBLE (Flyball, 3D, EV 90.6 MPH) Tom Hendrickson scores Snow Wang to third
|
Batting: RHB Martin Payton
|
0-0: Intentional Walk
|
Batting: LHB Blake Camden
|
0-0: Ball 1-0: Ball 2-0: Fly out, F6 (Popup, P, EV 67.5 MPH)
|
Pitching: LHP Mathis Vial
|
|
Batting: RHB Andy Noonkester
|
0-0: Swinging Strike 0-1: Ball 1-1: Swinging Strike 1-2: Strikes out swinging
|
Batting: RHB Victor Haley
|
0-0: Ball 1-0: Ball 2-0: Ball 3-0: Base on Balls Snow Wang scores Ángel García to third Martin Payton to second
|
Batting: RHB Kent Potter
|
0-0: Foul Ball, location: 2F 0-1: Foul Ball, location: 2F 0-2: Strikes out swinging
|
Top of the 9th over - 2 runs, 2 hits, 0 errors, 3 left on base; Put-In-Bay 4 - Idaho Falls 2 |
BOTTOM OF THE 9TH |
Idaho Falls Chukars batting - Pitching for Put-In-Bay BC : RHP Bailey Borrett
|
Pitching: RHP Adam Durango
|
|
Now in RF: Joseph Wallace
|
|
Batting: RHB César Vélez
|
0-0: Ball 1-0: Ball 2-0: Called Strike 2-1: Ball 3-1: Base on Balls
|
Pinch Hitting: LHB Emosi Whiu
|
0-0: Called Strike 0-1: Ball 1-1: Foul Ball, location: 2F 1-2: SINGLE (Groundball, 4MD, EV 97.5 MPH) César Vélez to second
|
Batting: RHB Kel Warren
|
0-0: Called Strike 0-1: Ball 1-1: Sac Bunt to 15 - play at first, batter OUT! 1-4 César Vélez to third Emosi Whiu to second
|
Batting: SHB Oscar Henson
|
0-0: Called Strike 0-1: Fly out, F7 (Flyball, 7LS, EV 81.9 MPH)
|
Batting: RHB Jon Hill
|
0-0: Called Strike 0-1: Ball 1-1: Ball 2-1: Foul Ball, location: 2F 2-2: SINGLE (Groundball, 56D, EV 105.0 MPH) César Vélez scores Emosi Whiu to third Runner from 3rd tries for Home, SAFE, throw by LF to home
|
Batting: RHB Javier Botín
|
0-0: Called Strike Jon Hill steals 2nd base (no throw) 0-1: Ball 1-1: SINGLE (Groundball, 6MD, EV 100.0 MPH) Jon Hill to third Runner from 3rd tries for Home, SAFE, throw by CF to home
|
GAME OVER ... IDAHO FALLS DEFEATS PUT |
In-Bay, 5 to 4
|
|
|
Friday, April 17th, 2020 - OOTP Baseball 20.8 Build 74
|
|